 Dungeon Crawl Stone Soup version 0.26-a0-812-g31a745ddcd (webtiles) character file.

Game seed: 656022445079895263

270172 dickylongcocking the Alchemist (level 19, -19/98 HPs)
             Began as a Spriggan Venom Mage on Nov 13, 2020.
             Was an Initiate of Gozag.
             Demolished by a +4 scimitar of distortion (23 damage)
             ... on level 2 of the Elven Halls.
             The game lasted 01:24:22 (51047 turns).

dickylongcocking the Alchemist (SpVM)              Turns: 51047, Time: 01:24:23

Health: -19/98     AC:  9    Str:  4    XL:     19   Next: 42%
Magic:  39/39      EV: 34    Int: 26    God:    Gozag
Gold:   5618       SH:  0    Dex: 18    Spells: 5/48 levels left

rFire    . . .     SeeInvis +   y - +7 Spriggan's Knife {stab, EV+4 Stlth+}
rCold    . . .     Faith    .   (shield restricted)
rNeg     . . .     Spirit   .   T - +5 robe of Night {Dark MR+ SInv}
rPois    .         Reflect  .   H - +2 hat
rElec    .         Harm     .   (no cloak)
rCorr    +         Rampage  .   (gloves unavailable)
MR       +++++                  (boots unavailable)
Stlth    +++++++...             Q - amulet of Liberty {RegenMP Int+3}
HPRegen  0.26/turn              s - ring of wizardry
MPRegen  0.51/turn              V - ring of Ucukai {MR+ rCorr}

@: gold aura, very quick
A: very small, unfitting armour, see invisible, speed 3, no potion heal 1
}: 2/15 runes: decaying, barnacled
a: Potion Petition, Call Merchant, Bribe Branch, Renounce Religion


You were on level 2 of the Elven Halls.
You worshipped Gozag.
Gozag was greatly pleased with you.
You visited 7 branches of the dungeon, and saw 34 of its levels.
You visited the Abyss 1 time.
You visited 2 bazaars.
You also visited: Gauntlet.

You collected 13211 gold pieces.
You spent 6091 gold pieces at shops.
You paid 1502 gold pieces to Gozag.

Inventory:

Hand Weapons
 y - the +7 Spriggan's Knife (weapon) {stab, EV+4 Stlth+}
   (You bought it in a shop in a bazaar)

   It affects your evasion (+4).
   It makes you more stealthy.
 F - a +1 lajatang of speed
 X - a +4 lajatang of draining
 Y - the +8 short sword of the Beginning {freeze, rC+ Int+4}
   (You found it on level 4 of the Lair of Beasts)

   It has been specially enchanted to freeze those struck by it, causing extra
   injury to most foes and up to half again as much damage against particularly
   susceptible opponents.
   It can also slow down cold-blooded creatures.
   It affects your intelligence (+4).
   It protects you from cold.
Armour
 G - a scarf of harm
 H - a +2 hat (worn)
 T - the +5 robe of Night (worn) {Dark MR+ SInv}
   (You found it in a Gauntlet)

   It affects your resistance to hostile enchantments.
   It lets you see invisible.
Magical Staves
 h - an uncursed staff of death
Jewellery
 g - an uncursed amulet of reflection
 m - the cursed ring of the Turtledove {Str-4 Slay+5}
   (You bought it in a shop in a bazaar)

   [ring of strength]

   It affects your strength (-4).
   It affects your accuracy and damage with ranged weapons and melee attacks
   (+5).
   It has a curse placed upon it.
 s - a ring of wizardry (left hand)
 z - the amulet of Limiepeosch {Acrobat rC+}
   (You bought it in a shop on level 11 of the Dungeon)

   [amulet of the acrobat]

   It helps you evade while moving and waiting.
   It protects you from cold.
 B - the ring "Paunt" {rF- rN++ AC+4 Str-4 Int+4}
   (You found it on level 15 of the Dungeon)

   [ring of protection]

   It affects your AC (+4).
   It affects your strength (-4).
   It affects your intelligence (+4).
   It makes you vulnerable to fire.
   It greatly protects you from negative energy.
 J - an uncursed ring of flight
 Q - the amulet of Liberty (around neck) {RegenMP Int+3}
   (You found it on level 4 of the Shoals)

   [amulet of magic regeneration]

   It increases your magic regeneration.
   It affects your intelligence (+3).
 R - the ring "Fuij" {rF+ Str+2 Int-2 Dex+2}
   (You found it in a Gauntlet)

   [ring of protection from fire]

   It affects your strength (+2).
   It affects your intelligence (-2).
   It affects your dexterity (+2).
   It protects you from fire.
 S - the ring "Cacaat" {rPois Slay+4}
   (You took it off a minotaur in a Gauntlet)

   [ring of slaying]

   It affects your accuracy and damage with ranged weapons and melee attacks
   (+4).
   It protects you from poison.
 V - the ring of Ucukai (right hand) {MR+ rCorr}
   (You found it on level 2 of the Lair of Beasts)

   [ring of resist corrosion]

   It affects your resistance to hostile enchantments.
   It provides partial protection from all sources of acid and corrosion.
 W - a +6 ring of intelligence
Wands
 k - a wand of random effects (22)
 o - a wand of polymorph (14)
 r - a wand of flame (84)
 x - a wand of disintegration (22)
 N - a wand of iceblast (24)
 P - a wand of digging (5)
 U - a wand of paralysis (11)
Scrolls
 b - 5 scrolls of magic mapping
 e - a scroll of silence
 j - 3 scrolls of fog
 n - 9 scrolls of immolation
 t - 19 scrolls of teleportation
 u - 23 scrolls of remove curse
 v - 6 scrolls of amnesia
 D - 5 scrolls of enchant armour
 I - 4 scrolls of vulnerability
 K - 2 scrolls of fear
 L - 2 scrolls of identify
Potions
 c - 4 potions of flight
 d - 3 potions of ambrosia
 l - 3 potions of berserk rage
 p - 5 potions of mutation
 q - 18 potions of curing
 w - 3 potions of haste
 C - 3 potions of cancellation
 E - 5 potions of might
 M - 8 potions of brilliance
 O - a potion of magic
 Z - 2 potions of lignification
Miscellaneous
 f - a lightning rod (4/4)
 i - a condenser vane


   Skills:
 + Level 10.0 Fighting
 - Level 7.0 Short Blades
 + Level 13.6 Dodging
 * Level 13.8 Stealth
 * Level 15.3 Spellcasting
 - Level 9.5 Hexes
 * Level 12.0 Necromancy
 * Level 20.1 Transmutations
 - Level 10.0 Earth Magic
 - Level 10.0 Poison Magic
 - Level 11.0 Evocations


You had 5 spell levels left.
You knew the following spells:

 Your Spells              Type           Power        Failure   Level
a - Sting                 Tmut/Pois      ####         0%          1
b - Petrify               Tmut/Erth      #######.     1%          4
c - Eringya's Noxious Bo  Tmut/Pois      #######...   1%          6
d - Olgreb's Toxic Radia  Pois           ######..     1%          4
e - Invisibility          Hex            ######..     3%          6
f - Necromutation         Tmut/Necr      #######...   10%         8
i - Ignite Poison         Fire/Tmut/Pois ######..     1%          3
r - Irradiate             Conj/Tmut      ######....   1%          5
z - Statue Form           Tmut/Erth      #######..    1%          6

Your spell library contained the following spells:

 Spells                   Type           Power        Failure   Level
 Passwall                 Tmut/Erth      #######.     0%          2
 Apportation              Tloc           ###...       1%          1
 Foxfire                  Conj/Fire      ###.         1%          1
 Freeze                   Ice            ###.         1%          1
 Magic Dart               Conj           ###.         1%          1
 Summon Small Mammal      Summ           ###.         1%          1
 Call Imp                 Summ           ###.....     1%          2
 Corpse Rot               Necr/Air       N/A          1%          2
 Poisonous Vapours        Pois/Air       #####.       1%          2
 Searing Ray              Conj           ###...       1%          2
 Confusing Touch          Hex            ######..     1%          3
 Dazzling Flash           Conj/Hex       #####.       1%          3
 Inner Flame              Hex/Fire       #####...     1%          3
 Mephitic Cloud           Conj/Pois/Air  #####...     1%          3
 Stone Arrow              Conj/Erth      #####.       1%          3
 Summon Guardian Golem    Hex/Summ       #####...     1%          3
 Tukima's Dance           Hex            ######..     1%          3
 Cause Fear               Hex            ######....   1%          4
 Fulminant Prism          Conj/Hex       #####.....   1%          4
 Leda's Liquefaction      Hex/Erth       ######....   1%          4
 Alistair's Intoxication  Tmut/Pois      #######..    1%          5
 Yara's Violent Unravell  Hex/Tmut       #######...   1%          5
 Call Canine Familiar     Summ           ###.....     3%          3
 Conjure Flame            Conj/Fire      ###.....     3%          3
 Frozen Ramparts          Ice            ###...       3%          3
 Gell's Gravitas          Tloc           ###.......   3%          3
 Lesser Beckoning         Tloc           ###.......   3%          3
 Ozocubu's Armour         Ice            ###.....     3%          3
 Metabolic Englaciation   Hex/Ice        #####.....   4%          5
 Silence                  Hex/Air        #####.....   4%          5
 Bolt of Magma            Conj/Fire/Erth #####.....   8%          5
 Hailstorm                Conj/Ice       ###.....     11%         4
 Iskenderun's Mystic Bla  Conj/Tloc      ###.....     11%         4
 Sticky Flame             Conj/Fire      ###.....     11%         4
 Summon Ice Beast         Ice/Summ       ###.....     11%         4
 Summon Lightning Spire   Summ/Air       ###.....     11%         4
 Fireball                 Conj/Fire      ###.......   28%         5
 Iskenderun's Battlesphe  Conj           ###.....     28%         5
 Summon Forest            Summ/Tloc      ###.......   28%         5
 Hydra Form               Tmut           #######...   1%          6
 Dragon Form              Tmut           #######...   1%          7
 Iron Shot                Conj/Erth      #####.....   21%         6
 Borgnjor's Revivificati  Necr           ######....   43%         8
 Infestation              Necr           ######....   43%         8
 Haunt                    Necr/Summ      ######....   56%         7
 Discord                  Hex            ######....   77%         8
 Conjure Ball Lightning   Conj/Air       ###.......   82%         6
 Death's Door             Necr           ######....   99%         9
 Orb of Destruction       Conj           ###.......   100%        7
 Spellforged Servitor     Conj/Summ      ###.......   100%        7
 Summon Hydra             Summ           ###.......   100%        7
 Dragon's Call            Summ           ###.......   100%        9
 Shatter                  Erth           ######....   100%        9
 Tornado                  Air            ###.......   100%        9


Dungeon Overview and Level Annotations

Branches:
Dungeon (15/15)            Temple (1/1) D:4            Lair (6/6) D:11
  Swamp (4/4) Lair:3       Shoals (4/4) Lair:3        Slime (0/5) Lair:6
    Orc (2/2) D:9             Elf (2/3) Orc:2        Vaults (0/5) D:14
 Depths (0/5) D:15        Gauntlet (visited)

Altars:
Ashenzari
Cheibriados
Elyvilon
Fedhas
Gozag
Hepliaklqana
Kikubaaqudgha
Makhleb
Nemelex Xobeh
Okawaru
Qazlal
Ru
Sif Muna
Trog
Uskayaw
Vehumet
Wu Jian
Xom
Yredelemnul
Zin
The Shining One
Beogh

Shops:
D:6 }   D:7 *   D:8 :   D:11 *=*[   Orc:1 (   Orc:2 ?[:(   Elf:2 =}=(
Shoals:3 (=


Innate Abilities, Weirdness & Mutations

You are very small and have problems with some larger weapons.
You are too small for most types of armour.
You have supernaturally acute eyesight. (SInv)
You cover ground extremely quickly.
Potions are less effective at restoring your health.


Message History

You spit the tentacled starspawn like a pig!!!!
You destroy the tentacled starspawn!
Your Necromancy skill increases to level 12!
The substance of the Abyss twists violently, and a gateway leading out appears!
Unknown command.
You now have 5618 gold pieces (gained 20).
You revert to your normal fleshy form.
The +5 robe of Night {Dark MR+ SInv} unmelds from your body.
The light fades from your surroundings.
There is a gateway leading out of the Abyss here.
You pass through the gate.
Welcome back to the Elven Halls!
The +4 scimitar of distortion closely misses you.
The +5 vorpal battleaxe hits you!!
* * * LOW HITPOINT WARNING * * *
The +4 scimitar of distortion hits you!!
* * * LOW HITPOINT WARNING * * *
Space warps horribly around you!!
You die...
Your body crumbles into a pile of gold.

......... ..#
.(e..... ..##
.......## #...#
....$...###.....
...e...((#......
...$....@.......
................
...##...##...##.
#. ##.####.## #
### ##


You could see a deep elf mage and 2 dancing weapons.

Vanquished Creatures
  the Lernaean hydra (Swamp:4)
  A bone dragon (Abyss:2)
  Frances (Swamp:1)
  A thorn hunter (Swamp:1)
  Agnes (Elf:2)
  2 tentacled starspawn
  Gastronok (D:8)
  Polyphemus (Shoals:4)
  Donald (Swamp:3)
  Kirke (Shoals:3)
  4 fenstrider witches
  Louise (Swamp:3)
  An orc warlord (Orc:1)
  An ironheart preserver (D:14)
  A deep elf demonologist (Elf:1)
  4 bunyips
  The ghost of Ceyroiss the Quickloader, a journeyman HuWn of Dithmenos (Lair:4)
  2 deep elf annihilators (Elf:1)
  A minotaur (Gauntlet)
  3 eleionomae
  2 merfolk javelineers (Shoals:4)
  5 merfolk impalers
  2 shambling mangroves
  Erolcha (D:12)
  24 hydras
  5 catoblepae
  The ghost of robertstho the Frost Mage, a journeyman GnIE of Vehumet (D:11)
  3 boulder beetles
  3 merfolk aquamancers
  2 ghost crabs
  4 centaur warriors
  4 merfolk avatars
  3 alligator snapping turtles
  An ogre mage (D:15)
  A queen ant (Gauntlet)
  2 satyrs (Shoals:3)
  2 two-headed ogres
  9 alligators
  11 death yaks
  A spriggan berserker (Swamp:3)
  5 orc high priests
  2 thrashing horrors (Abyss:2)
  9 deep elf knights
  3 goliath frogs
  A sun demon (Abyss:2)
  5 skeletal warriors (D:13)
  6 spriggan druids
  17 sea snakes
  A wizard (Swamp:3)
  8 swamp dragons
  6 bog bodies
  6 deep elf archers
  3 unseen horrors
  7 orc knights
  2 glowing orange brains (Abyss:2)
  A lindwurm (Lair:6)
  A large abomination (Abyss:2)
  13 harpies
  7 fauns
  7 oklob plants (Lair:6)
  35 deep elf magi
  11 orc sorcerers
  8 manticores
  5 ugly things
  A stone giant zombie (Abyss:2)
  6 cyclopes
  2 elephants
  2 black mambas (Lair:4)
  A centaur zombie (D:15)
  A naga mage (D:15)
  5 will-o-the-wisps
  2 apocalypse crabs (Abyss:2)
  Psyche (D:8)
  8 merfolk sirens
  4 torpor snails
  5 cane toads
  Joseph (D:8)
  8 water nymphs
  An orange demon (Abyss:2)
  A smoke demon (Abyss:2)
  2 gargoyles
  Maggie (Lair:2)
  7 rime drakes
  5 komodo dragons
  A yaktaur (shapeshifter) (Elf:1)
  A hellwing (Abyss:2)
  2 kobold demonologists
  3 polar bears
  An ancient zyme (Abyss:2)
  34 merfolk
  6 trolls
  4 meliai
  3 wind drakes
  16 hornets
  5 tyrant leeches
  14 blink frogs
  A meliai zombie (D:13)
  3 dream sheep (Lair:6)
  2 raiju (Abyss:2)
  10 snapping turtles
  6 slime creatures (D:14)
  3 centaur simulacra
  A flying skull (Abyss:2)
  2 air elementals
  6 shadows (Gauntlet)
  12 spriggans
  15 water elementals
  3 wraiths
  17 wyverns
  4 fire bats (Abyss:2)
  52 yaks
  7 basilisks
  A neqoxec (Abyss:2)
  A basilisk (shapeshifter) (D:15)
  3 hogs (Shoals:3)
  A fire elemental (Elf:2)
  10 vampire mosquitoes
  Edmund (D:6)
  A redback simulacrum (D:15)
  9 wargs
  17 swamp worms
  4 soldier ants
  9 water moccasins
  31 orc warriors
  11 swamp drakes
  2 ice beasts
  2 necrophages
  4 sky beasts
  21 ogres
  2 black bears
  A phantom (D:8)
  16 wolves
  7 centaurs
  5 big kobolds
  28 bullfrogs
  7 earth elementals
  A gnoll sergeant (D:8)
  2 small abominations (Abyss:2)
  5 scorpions
  12 wights
  12 killer bees
  3 electric eels
  7 howler monkeys
  A bullfrog zombie (D:6)
  3 jellies
  9 hounds
  19 orc priests
  2 bullfrog skeletons
  7 centaur skeletons
  3 gnoll shamans
  24 orc wizards
  Terence (D:3)
  13 hell rats (Lair:4)
  6 iguanas
  8 worker ants
  A hound zombie (D:6)
  3 worker ant zombies
  20 gnolls
  13 adders
  A river rat (Lair:5)
  2 shadow imps
  5 white imps
  3 ufetubi (D:5)
  2 oozes (D:5)
  An adder skeleton (D:4)
  An adder zombie (D:8)
  A worm (D:3)
  2 dart slugs
  5 leopard geckos
  81 orcs
  3 bats
  6 giant cockroaches
  6 goblins
  12 hobgoblins
  2 jackals (D:3)
  20 kobolds
  5 quokkas
  6 frilled lizards
  A quokka skeleton (D:6)
  4 rats
  A briar patch (Swamp:1)
  2 starspawn tentacles (Abyss:2)
1124 creatures vanquished.

Vanquished Creatures (others)
  12 dancing weapons
  A goliath frog (Swamp:3)
  A necromancer (D:15)
  A deep elf mage (Elf:1)
  2 cane toads (Lair:6)
  5 bloated husks
  A water elemental (Shoals:4)
  A warg (Orc:1)
  2 vampire mosquitoes (Swamp:3)
  A water moccasin (Lair:6)
  A centaur (Shoals:3)
  An orc priest (Orc:2)
  2 orcs
  2 jackals (D:3)
  A bush (Lair:4)
  8 foxfires
  31 fungi
  104 plants
177 creatures vanquished.

Grand Total: 1301 creatures vanquished

Notes
Turn   | Place    | Note
-------+----------+-------------------------------------------
     0 | D:1      | dickylongcocking the Spriggan Venom Mage began the quest
                  | for the Orb.
     0 | D:1      | Reached XP level 1. HP: 9/9 MP: 5/5
   295 | D:1      | Reached skill level 2 in Transmutations
   295 | D:1      | Reached XP level 2. HP: 13/13 MP: 4/7
   915 | D:2      | You fall into a shaft and drop 1 floor!
   923 | D:3      | Noticed Terence
   939 | D:3      | Killed Terence
   939 | D:3      | Reached skill level 1 in Short Blades
   939 | D:3      | Reached XP level 3. HP: 16/16 MP: 2/9
  1140 | D:3      | Reached XP level 4. HP: 21/21 MP: 1/10
  1154 | D:3      | Learned a level 3 spell: Ignite Poison
  1159 | D:3      | Learned a level 4 spell: Olgreb's Toxic Radiance
  1366 | D:3      | Reached skill level 3 in Transmutations
  1618 | D:3      | Found a bloodstained altar of Trog.
  2185 | D:4      | Reached XP level 5. HP: 24/24 MP: 7/12
  2920 | D:4      | Reached skill level 4 in Transmutations
  2947 | D:4      | Reached XP level 6. HP: 8/28 MP: 7/13
  3158 | D:4      | Identified the +4 hunting sling of the Beginning {freeze,
                  | rC+ Str-4 Int+4}
  3441 | D:4      | Found a staircase to the Ecumenical Temple.
  3478 | Temple   | Entered the Ecumenical Temple
  3547 | Temple   | Became a worshipper of Gozag Ym Sagoz the Greedy
  3841 | D:5      | Entered Level 5 of the Dungeon
  3851 | D:5      | Found a blossoming altar of Fedhas.
  3851 | D:5      | Found a sacrificial altar of Ru.
  4107 | D:5      | Reached skill level 5 in Spellcasting
  4240 | D:5      | Reached skill level 5 in Transmutations
  4240 | D:5      | Reached XP level 7. HP: 15/32 MP: 3/15
  4717 | D:5      | Reached skill level 5 in Poison Magic
  5286 | D:5      | Learned a level 3 spell: Mephitic Cloud
  5298 | D:6      | Reached skill level 6 in Transmutations
  5330 | D:6      | Reached XP level 8. HP: 8/36 MP: 1/18
  5754 | D:6      | Found Wefeilo's Gadget Boutique.
  5835 | D:6      | Reached skill level 5 in Short Blades
  6340 | D:6      | Reached skill level 7 in Transmutations
  7088 | D:6      | Noticed Edmund
  7104 | D:6      | Killed Edmund
  7104 | D:6      | Reached skill level 1 in Evocations
  7516 | D:7      | Found Gozag's Platinum Reserve.
  7527 | D:7      | Found an opulent altar of Gozag.
  7689 | D:7      | Noticed a gargoyle
  7699 | D:7      | Killed a gargoyle
  7699 | D:7      | Reached XP level 9. HP: 39/39 MP: 21/21
  8017 | D:7      | Found a hazy altar of Hepliaklqana.
  8321 | D:8      | Noticed Joseph
  8326 | D:8      | Killed Joseph
  8326 | D:8      | Reached skill level 8 in Transmutations
  8733 | D:8      | Found Biuheg's Book Emporium.
  9261 | D:8      | Learned a level 4 spell: Petrify
  9294 | D:8      | Noticed Gastronok
  9301 | D:8      | Killed Gastronok
  9301 | D:8      | Reached skill level 9 in Transmutations
  9301 | D:8      | Reached skill level 5 in Evocations
  9301 | D:8      | Reached XP level 10. HP: 44/44 MP: 3/23
  9664 | D:8      | Reached skill level 5 in Dodging
  9669 | D:8      | Reached skill level 10 in Transmutations
  9809 | D:8      | Noticed Psyche
  9818 | D:8      | Killed Psyche
  9985 | D:8      | Bought a book of the Earth for 845 gold pieces
  9994 | D:8      | Learned a level 6 spell: Statue Form
 10579 | D:9      | Found a staircase to the Orcish Mines.
 10662 | D:9      | Reached skill level 1 in Fighting
 11094 | D:9      | Reached skill level 11 in Transmutations
 11363 | D:9      | Found a white marble altar of Elyvilon.
 11739 | D:10     | Entered Level 10 of the Dungeon
 11915 | D:10     | Noticed a centaur warrior
 11920 | D:10     | Killed a centaur warrior
 11920 | D:10     | Reached skill level 5 in Earth Magic
 11920 | D:10     | Reached XP level 11. HP: 36/50 MP: 10/24
 13171 | D:11     | Noticed a brown ugly thing
 13194 | D:11     | Killed a brown ugly thing
 13194 | D:11     | Reached skill level 12 in Transmutations
 13498 | D:11     | Found Sidos's General Store.
 13512 | D:11     | Found a runed translucent door.
 13582 | D:11     | Found a shimmering altar of Xom.
 13582 | D:11     | Noticed robertstho's ghost (journeyman GnIE)
 13582 | D:11     | Noticed a +0 hand axe of chaos
 13585 | D:11     | Noticed a two-headed ogre
 13591 | D:11     | Killed a two-headed ogre
 13643 | D:11     | Found Cucim's Jewellery Boutique.
 13658 | D:11     | Bought the amulet of Limiepeosch {Acrobat rC+} for 616 gold
                  | pieces
 13689 | D:11     | Found Ril Yzaa's Antique Armour Shop.
 13725 | D:11     | Found a staircase to the Lair.
 13931 | D:11     | Found Taurch's General Store.
 14423 | D:11     | Bought a +0 lajatang for 180 gold pieces
 14584 | D:12     | Noticed a boulder beetle
 14595 | D:12     | Killed a boulder beetle
 14697 | D:12     | Noticed Erolcha
 14697 | D:12     | Noticed a cyan ugly thing
 14705 | D:12     | Killed a cyan ugly thing
 14708 | D:12     | Killed Erolcha
 14935 | D:12     | Reached skill level 13 in Transmutations
 15564 | D:12     | Noticed a deep elf mage
 15569 | D:12     | Killed a deep elf mage
 15569 | D:12     | Reached XP level 12. HP: 55/56 MP: 8/25
 16422 | D:13     | Found a gate leading to a gauntlet.
 16423 | D:13     | Noticed a centaur warrior
 16430 | D:13     | Killed a centaur warrior
 16438 | Gauntlet | Entered a Gauntlet
 16438 | Gauntlet | Found a large runed translucent door.
 16438 | Gauntlet | Found a large runed translucent door.
 16438 | Gauntlet | Found a large runed translucent door.
 16438 | Gauntlet | Found a large runed translucent door.
 16438 | Gauntlet | Found a large runed translucent door.
 16438 | Gauntlet | Found a large runed translucent door.
 16438 | Gauntlet | Found a transporter.
 16438 | Gauntlet | Found a large runed translucent door.
 16438 | Gauntlet | Found a large runed translucent door.
 16438 | Gauntlet | Found a runed translucent door.
 16438 | Gauntlet | Found a runed translucent gate.
 16438 | Gauntlet | Found a runed translucent gate.
 16438 | Gauntlet | Found a transporter.
 16438 | Gauntlet | Found a transporter.
 16438 | Gauntlet | Noticed a queen ant
 16440 | Gauntlet | Found a transporter.
 16440 | Gauntlet | Found a transporter.
 16441 | Gauntlet | Found a runed translucent gate.
 16441 | Gauntlet | Found a runed translucent door.
 16445 | Gauntlet | Found a transporter.
 16452 | Gauntlet | Found a transporter.
 16518 | Gauntlet | Found a transporter.
 16519 | Gauntlet | Found a transporter.
 16521 | Gauntlet | Found a transporter.
 16529 | Gauntlet | Found a transporter.
 16535 | Gauntlet | Found a transporter.
 16591 | Gauntlet | Found a large runed translucent door.
 16591 | Gauntlet | Found a large runed translucent door.
 16591 | Gauntlet | Found a large runed translucent door.
 16591 | Gauntlet | Found a large runed translucent door.
 16592 | Gauntlet | Found a large runed translucent door.
 16592 | Gauntlet | Found a large runed translucent door.
 16593 | Gauntlet | Found a large runed translucent door.
 16593 | Gauntlet | Found a large runed translucent door.
 16716 | Gauntlet | Killed a queen ant
 16768 | Gauntlet | Reached skill level 10 in Dodging
 16923 | Gauntlet | Reached skill level 14 in Transmutations
 16957 | Gauntlet | Got a warped lapis lazuli ring
 16959 | Gauntlet | Identified the ring "Fuij" {rF+ Str+2 Int-2 Dex+2} (You
                  | found it in a Gauntlet)
 16987 | Gauntlet | Identified the ring "Cacaat" {rPois Slay+4}
 16987 | Gauntlet | Noticed a minotaur
 16988 | Gauntlet | Found the +5 robe of Night {Dark MR+ SInv}
 16998 | Gauntlet | Killed a minotaur
 17011 | Gauntlet | Identified the Almanac of Igneous Changing
 17224 | D:13     | Noticed a boulder beetle
 17241 | D:13     | Killed a boulder beetle
 17248 | D:13     | Learned a level 5 spell: Irradiate
 18041 | D:13     | Reached skill level 5 in Fighting
 18182 | D:13     | Reached skill level 15 in Transmutations
 18537 | D:13     | Identified a scroll of acquirement
 18537 | D:13     | Acquired a Fen Folio
 18657 | D:14     | Found a sparkling altar of Nemelex Xobeh.
 18682 | D:14     | Reached XP level 13. HP: 63/63 MP: 9/26
 18762 | D:14     | Found a gate to the Vaults.
 18762 | D:14     | Noticed an ironheart preserver
 18771 | D:14     | Killed an ironheart preserver
 20243 | D:15     | Entered Level 15 of the Dungeon
 20568 | D:15     | Reached skill level 5 in Stealth
 20568 | D:15     | Reached skill level 10 in Earth Magic
 20767 | D:15     | Reached skill level 10 in Spellcasting
 20875 | D:15     | Got a twitching iron ring
 21227 | D:15     | Found a staircase to the Depths.
 21261 | D:15     | Reached skill level 16 in Transmutations
 21849 | Orc:1    | Entered Level 1 of the Orcish Mines
 21963 | D:9      | Lost strength.
 21963 | D:9      | Identified the ring "Paunt" {rF- rN++ AC+4 Str-4 Int+4}
                  | (You found it on level 15 of the Dungeon)
 22019 | Orc:1    | Found a burning altar of Makhleb.
 22228 | Orc:1    | Found Sengoy's Antique Weapon Boutique.
 22276 | Orc:1    | Found a roughly hewn altar of Beogh.
 22324 | Orc:2    | Entered Level 2 of the Orcish Mines
 22521 | Orc:1    | Reached XP level 14. HP: 70/70 MP: 20/29
 22966 | Orc:2    | Learned a level 6 spell: Eringya's Noxious Bog
 23045 | Orc:2    | Found a staircase to the Elven Halls.
 23726 | Orc:2    | Found Ceosuh's Antique Weapon Emporium.
 23726 | Orc:2    | Found Wonis's Magic Scroll Boutique.
 23729 | Orc:2    | Found Fautes's Book Emporium.
 23729 | Orc:2    | Found Osopen's Armour Boutique.
 23738 | Orc:2    | Bought a scroll of identify for 26 gold pieces
 23738 | Orc:2    | Bought a scroll of identify for 26 gold pieces
 23738 | Orc:2    | Bought a scroll of identify for 26 gold pieces
 23738 | Orc:2    | Bought a scroll of remove curse for 39 gold pieces
 23738 | Orc:2    | Bought a scroll of identify for 26 gold pieces
 23738 | Orc:2    | Bought a scroll of identify for 26 gold pieces
 23738 | Orc:2    | Bought a scroll of teleportation for 39 gold pieces
 23744 | Orc:2    | Reached XP level 15. HP: 74/74 MP: 31/31
 23826 | Orc:1    | Noticed an orc warlord
 23833 | Orc:1    | Killed an orc warlord
 24024 | Orc:1    | Paralysed by an orc sorcerer for 7 turns
 24223 | Orc:1    | Found a roughly hewn altar of Beogh.
 24559 | Lair:1   | Entered Level 1 of the Lair of Beasts
 24612 | D:11     | Killed robertstho's ghost
 25799 | Lair:2   | Noticed Maggie
 25803 | Lair:2   | Killed Maggie
 26377 | Lair:2   | Got a smoking tin ring
 27110 | D:8      | Bought a book of Party Tricks for 650 gold pieces
 27117 | D:8      | Learned a level 6 spell: Invisibility
 27477 | Lair:3   | Identified the ring of Ucukai {MR+ rCorr} (You found it on
                  | level 2 of the Lair of Beasts)
 27588 | Lair:3   | Reached skill level 1 in Hexes
 27751 | Lair:3   | Found a staircase to the Swamp.
 27905 | Lair:3   | Found a staircase to the Shoals.
 28411 | Lair:4   | Found a runed translucent door.
 28605 | Lair:4   | Got a polished short sword
 28605 | Lair:4   | Identified the +8 short sword of the Beginning {freeze, rC+
                  | Int+4} (You found it on level 4 of the Lair of Beasts)
 29003 | Lair:4   | Noticed Ceyroiss's ghost (journeyman HuWn)
 29044 | Lair:4   | Killed Ceyroiss's ghost
 29808 | Lair:5   | Reached XP level 16. HP: 80/80 MP: 33/33
 30543 | Lair:6   | Entered Level 6 of the Lair of Beasts
 31279 | Lair:6   | Reached skill level 5 in Hexes
 31774 | Lair:6   | Reached skill level 10 in Evocations
 32374 | Lair:6   | Found a staircase to the Slime Pits.
 32450 | Lair:6   | Reached skill level 10 in Poison Magic
 33157 | Swamp:1  | Entered Level 1 of the Swamp
 33429 | Shoals:1 | Entered Level 1 of the Shoals
 34423 | Shoals:1 | You fall into a shaft and drop 1 floor!
 35087 | Shoals:2 | Reached skill level 17 in Transmutations
 35238 | Shoals:2 | Found a gateway to a bazaar.
 35259 | Bazaar   | Entered a bazaar
 35263 | Bazaar   | Found Kosk's Jewellery Boutique.
 35281 | Bazaar   | Found Miogip's Jewellery Emporium.
 35298 | Bazaar   | Found Diangece's Book Boutique.
 35315 | Bazaar   | Found Cuesirih's Antique Armour Shoppe.
 35355 | Bazaar   | Bought the cursed ring of the Turtledove {Str-4 Slay+5} for
                  | 294 gold pieces
 35355 | Bazaar   | Bought an uncursed ring of wizardry for 360 gold pieces
 36112 | Shoals:3 | Found Eti Wegu's Weapon Shop.
 36130 | Shoals:3 | Reached XP level 17. HP: 40/84 MP: 5/36
 36174 | Shoals:3 | Found a flickering gateway to a bazaar.
 36185 | Bazaar   | Entered a bazaar
 36185 | Bazaar   | Found Upna's General Store.
 36338 | Bazaar   | Found Ycihy's Distillery.
 36344 | Bazaar   | Bought a potion of haste for 110 gold pieces
 36344 | Bazaar   | Bought a potion of curing for 33 gold pieces
 36344 | Bazaar   | Bought a potion of might for 44 gold pieces
 36344 | Bazaar   | Bought a potion of might for 44 gold pieces
 36346 | Bazaar   | Found Ynuaff's Antique Armour Boutique.
 36359 | Bazaar   | Found Saogaxom's Antique Weapon Emporium.
 36376 | Bazaar   | Found Aselej's Gadget Shop.
 36396 | Bazaar   | Bought the +7 Spriggan's Knife {stab, EV+4 Stlth+} for 1272
                  | gold pieces
 36396 | Bazaar   | Found the +7 Spriggan's Knife {stab, EV+4 Stlth+}
 36979 | Shoals:3 | Found Fangos's Jewellery Shoppe.
 37200 | Shoals:3 | Noticed Kirke
 37208 | Shoals:3 | Killed Kirke
 37851 | D:8      | Bought a Necronomicon for 1435 gold pieces
 37861 | D:8      | Learned a level 8 spell: Necromutation
 38049 | Swamp:1  | Reached skill level 1 in Necromancy
 38625 | Swamp:1  | Noticed Frances
 38634 | Swamp:1  | Killed Frances
 39292 | Swamp:2  | Reached skill level 5 in Necromancy
 40894 | Swamp:3  | Noticed Louise
 40903 | Swamp:3  | Killed Louise
 41248 | Swamp:3  | Noticed Donald
 41261 | Swamp:3  | Killed Donald
 42131 | Swamp:4  | Entered Level 4 of the Swamp
 42216 | Swamp:4  | Reached XP level 18. HP: 89/91 MP: 13/37
 42658 | Swamp:4  | Noticed the 27-headed Lernaean hydra
 42689 | Swamp:4  | Killed the 27-headed Lernaean hydra
 42689 | Swamp:4  | Reached skill level 18 in Transmutations
 43161 | Swamp:4  | Got a decaying rune of Zot
 44091 | Shoals:4 | Entered Level 4 of the Shoals
 44241 | Shoals:4 | Reached skill level 10 in Necromancy
 44370 | Shoals:4 | Got a barnacled rune of Zot
 44565 | Shoals:4 | Noticed Polyphemus
 44577 | Shoals:4 | Killed Polyphemus
 45583 | Shoals:4 | Got a heavily runed sapphire amulet
 45962 | Shoals:4 | Reached skill level 19 in Transmutations
 46435 | Shoals:4 | Identified the amulet of Liberty {RegenMP Int+3} (You found
                  | it on level 4 of the Shoals)
 46766 | Elf:1    | Entered Level 1 of the Elven Halls
 46799 | Elf:1    | Found a radiant altar of Vehumet.
 47796 | Elf:1    | Reached XP level 19. HP: 66/98 MP: 3/38
 48420 | Elf:1    | Identified the Reference Book on the Escort
 49435 | Elf:2    | Noticed Agnes
 49440 | Elf:2    | Found Ceidioph's Weapon Shop.
 49446 | Elf:2    | Killed Agnes
 49462 | Elf:2    | Reached skill level 15 in Spellcasting
 49585 | Elf:2    | Gained mutation: Potions are less effective at restoring
                  | your health. [mutagenic glow]
 50102 | Elf:2    | Found Bumeyfox's Jewellery Emporium.
 50103 | Elf:2    | Found Xyepruth's Jewellery Emporium.
 50103 | Elf:2    | Found Zeownics's Gadget Shop.
 50370 | Elf:2    | Cast into level 2 of the Abyss (+4 scimitar of distortion)
 50721 | Abyss:2  | Reached skill level 20 in Transmutations
 50742 | Abyss:2  | Reached skill level 10 in Fighting
 50981 | Abyss:2  | Noticed a bone dragon
 50991 | Abyss:2  | Killed a bone dragon
 51047 | Elf:2    | Escaped the Abyss
 51047 | Elf:2    | HP: 4/98 [+4 scimitar of distortion (25)]
 51047 | Elf:2    | Demolished by a +4 scimitar of distortion

Illustrated notes

Levels and vault maps discovered:
D:1:      dpeg_arrival_solitude, layout_basic, minmay_misc_feat_columns
D:2:      layout_loops_ring, nicolae_dithmenos_through_a_glass_darkly
D:3:      layout_rooms, lightli_temple_of_fire, lemuel_old_faithful,
          uniq_terence
D:4:      minmay_bubble_buster, layout_cave_pools, temple_pool_b,
          minmay_crystal_water, kennysheep_doodads, minmay_circle_x
D:5:      layout_basic, grunt_temple_overflow_open
D:6:      layout_gridville, serial_shops, shop, minmay_fractal_squares_5,
          uniq_edmund
D:7:      layout_cave_pools, lemuel_doored_altar,
          nicolae_gozag_zags_fifth_avenue
D:8:      kennysheep_housing_project, layout_layer_cave, serial_shops,
          nicolae_shop_window_shopping, uniq_gastronok, uniq_joseph, uniq_psyche
D:9:      layout_loops_ring, elyvilon_altar_5, erik_orc_1
D:10:     layout_basic, minmay_holes
D:11:     layout_basic, erik_lair_orcish_takeover, serial_shops,
          nicolae_shop_waterfront, nicolae_shop_waterfront, shop,
          nicolae_shop_overgrown_old_shop, ebering_ghost_xom
D:12:     layout_basic, uniq_erolcha
D:13:     layout_small_grid, gauntlet_entry_generic
D:14:     layout_basic, skrybe_vaults_entry_preservation, basic_altar,
          minmay_curled_crystal, minmay_misc_feat_square
D:15:     grunt_enter_depths_magical_seal, layout_rooms, serial_bayou,
          serial_bayou_crossing, serial_bayou_pond_c, serial_bayou_pond_c,
          serial_bayou_shore_b, serial_bayou_pond_b, serial_bayou_pond_c
Temple:   compressed_dpeg_circular_temple
Lair:1:   layout_hall_layers, minivault_23
Lair:2:   layout_loops_ring, uniq_maggie
Lair:3:   layout_regular_city, nicolae_swamp_entry_splash_gauntlet,
          elwin_shoals_entry_rocks, st_stairs_6
Lair:4:   layout_roguey, special_room [special_room_mythical_zoo],
          ebering_ghost_reflecting_pool, beast_lair_carwin_8
Lair:5:   layout_regular_city, pond
Lair:6:   evilmike_catoblepas_cave, layout_cave_pods,
          minmay_slime_entry_oklob_enclosed, minmay_lair_oklob_chamber,
          grunt_megastairs_1
Swamp:1:  layout_basic_swamp, serial_swamp_ruin, evilmike_swamp_ruin_house_2,
          evilmike_swamp_ruin_rubble_2, swamp_pool5, uniq_frances
Swamp:2:  layout_basic_swamp, evilmike_swamp_ruin_rubble_1
Swamp:3:  cheibrodos_swamp_heart_of_darkness, layout_basic_swamp,
          hangedman_swamp_blocks, swamp_pool1, grunt_witch_cave,
          infiniplex_staircase_pool, uniq_louise, uniq_donald
Swamp:4:  swamp, layout_basic_swamp, infiniplex_staircase_pool_2
Shoals:1: layout_shoals, nicolae_shoals_wave_tunnel
Shoals:2: layout_shoals, serial_shops, bzr_entry_road
Shoals:3: layout_shoals, serial_shops, bzr_firewalk, shop, shop, uniq_kirke
Shoals:4: shoals_end_hangedman, layout_shoals, uniq_polyphemus
Orc:1:    layout_caves, serial_shops, nicolae_shop_behind_doors,
          hangedman_feature_mirror, mines1_david
Orc:2:    grunt_orc_tribal_feast, layout_caves, nicolae_orc_tapped_out
Elf:1:    eino_elf_arrival_altar, layout_gridlike, minmay_elf_demonology,
          billiards_dpeg
Elf:2:    layout_rooms, serial_shops, nicolae_shop_waterfront,
          minmay_shop_grove, uniq_agnes

Skill      XL: |  1  2  3  4  5  6  7  8  9 10 11 12 13 14 15 16 17 18 19 |
---------------+----------------------------------------------------------+-----
Spellcasting   | 3 4 5 6 7 8 10 11 12 14 15 | 15.3
Transmutations | 2 3 4 5 6 7 9 11 13 15 16 17 19 20 | 20.1
Short Blades   | 1 2 3 4 6 7 |  7.0
Poison Magic   | 4 5 6 7 9 10 | 10.0
Evocations     | 2 5 6 8 11 | 11.0
Dodging        | 4 7 9 11 12 13 | 13.6
Earth Magic    | 2 5 7 9 10 | 10.0
Fighting       | 2 3 5 6 7 8 9 10 | 10.0
Stealth        | 6 12 13 | 13.8
Hexes          | 3 8 9 |  9.5
Necromancy     | 8 11 12 | 12.0

Action                   |  1- 3 |  4- 6 |  7- 9 | 10-12 | 13-15 | 16-18 | 19-21 || total
-------------------------+-------+-------+-------+-------+-------+-------+-------++-------
Melee: Unarmed           |     4 |       |       |       |       |       |       ||     4
       Club              |     3 |       |       |       |       |       |       ||     3
       Short sword       |     5 |    48 |    57 |   111 |    74 |   223 |       ||   518
       Lajatang          |       |       |       |   163 |   415 |    30 |   196 ||   804
       Dagger            |       |       |       |       |    66 |       |       ||    66
       Knife             |       |       |       |       |       |   527 |    37 ||   564
 Cast: Sting             |    54 |   102 |    22 |    25 |     2 |     4 |       ||   209
       Olgreb's Toxic Ra |       |     2 |    32 |   111 |   117 |   216 |    23 ||   501
       Ignite Poison     |       |     1 |    43 |   110 |   107 |   216 |    20 ||   497
       Mephitic Cloud    |       |       |     9 |     3 |     2 |       |       ||    14
       Statue Form       |       |       |       |    26 |    72 |    92 |    12 ||   202
       Petrify           |       |       |       |    14 |     3 |    29 |     5 ||    51
       Irradiate         |       |       |       |     4 |    12 |    23 |    15 ||    54
       Eringya's Noxious |       |       |       |       |       |     5 |     2 ||     7
       Invisibility      |       |       |       |       |       |     6 |     1 ||     7
       Necromutation     |       |       |       |       |       |     1 |     7 ||     8
Invok: Potion Petition   |       |       |       |       |       |     1 |     2 ||     3
 Abil: End Transformatio |       |       |       |       |     1 |       |       ||     1
Evoke: Wand              |       |     1 |    14 |    21 |     6 |    16 |     7 ||    65
       Condenser vane    |       |       |       |       |     4 |     7 |     1 ||    12
       Lightning rod     |       |       |       |       |       |       |     1 ||     1
  Use: Scroll            |       |       |       |    24 |    16 |    14 |     8 ||    62
       Potion            |       |       |       |     2 |     4 |    10 |       ||    16
 Stab: Sleeping          |       |     1 |     1 |     1 |     2 |    65 |     7 ||    77
       Paralysed         |       |     2 |     8 |       |       |       |       ||    10
       Petrified         |       |       |       |    10 |     1 |     2 |       ||    13
       Distracted        |       |       |       |     2 |     5 |     2 |       ||     9
       Petrifying        |       |       |       |     2 |     1 |     1 |       ||     4
Armor: Robe              |     1 |     8 |     2 |    22 |     5 |     5 |    26 ||    69
       Skin              |       |       |       |   100 |   268 |   356 |    60 ||   784
Dodge: Dodged            |    30 |   132 |    71 |   534 |  1328 |  1666 |   403 ||  4164
Block: Other             |       |       |       |       |       |   259 |       ||   259
       Reflection        |       |       |       |       |       |    10 |       ||    10

Table legend: (Time is in decaauts)
 A = Elapsed time spent in this place.
 B = Non-inter-level travel time spent in this place.
 C = Inter-level travel time spent in this place.
 D = Time resting spent in this place.
 E = Time spent auto-exploring this place.
 F = Levels seen in this place.
 G = Mean time per level.
                   A        B        C        D        E       F      G
               +--------+--------+--------+--------+--------+-----+--------+
         Total |  48349 |  45596 |   2753 |   7069 |  29154 |  39 | 1239.7 |
       Dungeon |  19266 |  18270 |    996 |   3513 |  11717 |  15 | 1284.4 |
        Temple |     71 |     60 |     11 |      0 |     44 |   1 |   71.0 |
          Lair |   8774 |   7866 |    908 |    354 |   6046 |   6 | 1462.3 |
         Swamp |   6004 |   5834 |    170 |    938 |   3612 |   4 | 1501.0 |
        Shoals |   6967 |   6655 |    312 |    711 |   4484 |   4 | 1741.8 |
  Orcish Mines |   2707 |   2533 |    174 |    786 |   1065 |   2 | 1353.5 |
   Elven Halls |   2817 |   2638 |    179 |    428 |   1415 |   2 | 1408.5 |
         Abyss |    650 |    650 |      0 |     23 |    339 |   2 |  325.0 |
        Bazaar |    306 |    306 |      0 |      0 |    279 |   2 |  153.0 |
      Gauntlet |    783 |    783 |      0 |    315 |    150 |   1 |  783.0 |
               +--------+--------+--------+--------+--------+-----+--------+

Top non-repeatable levels by time:
  Lair:6: 2778 daAuts
Shoals:4: 2423 daAuts
    D:11: 1921 daAuts
Shoals:2: 1857 daAuts
     D:8: 1841 daAuts
   Elf:1: 1728 daAuts
    D:14: 1699 daAuts
  Lair:3: 1691 daAuts
     D:3: 1678 daAuts
 Swamp:3: 1650 daAuts
    D:15: 1641 daAuts
 Swamp:1: 1612 daAuts
   Orc:2: 1571 daAuts
 Swamp:4: 1553 daAuts
    D:12: 1541 daAuts
